 Dungeon Crawl Stone Soup version 0.17-a0-2073-gde5cdba (webtiles) character file.

205996 pk666 the Slayer (level 18, -7/190 HPs)
             Began as a Minotaur Berserker on Oct 14, 2015.
             Was the Champion of Trog.
             Killed from afar by a greater naga (18 damage)
             ... with an orb of energy
             ... on level 4 of the Snake Pit on Oct 15, 2015.
             The game lasted 02:32:03 (37827 turns).

pk666 the Slayer (Minotaur Berserker)              Turns: 37827, Time: 02:32:04

Health: -7/190     AC: 27    Str: 38    XL:     18   Next: 5%
Magic:  5/5        EV: 10    Int:  4    God:    Trog [******]
Gold:   3092       SH:  0    Dex: 12    Spells: 0 memorised, 17 levels left

rFire  . . .     SeeInvis .     a - +6 executioner's axe (antimagic)
rCold  . . .     Clarity  .     C - +6 chain mail "Afeqyfat" {MR- Str+5}
rNeg   . . .     SustAt   +     (no shield)
rPois  +         Gourm    +     L - +0 hat {MR+}
rElec  .         Spirit   .     y - +0 cloak
rCorr  .         Warding  .     K - +2 pair of gloves
rMut   .         Stasis   .     F - +2 pair of boots
MR     +....                    O - amulet of the gourmand
Stlth  ..........               R - ring of poison resistance
                                h - ring of sustain attributes

@: mighty, exhausted, very slightly contaminated, hasted and slowed, studying
Invocations, somewhat resistant to hostile enchantments, extremely unstealthy
A: retaliatory headbutt, horns 2
a: Burn Spellbooks, Berserk, Trog's Hand, Brothers in Arms, Renounce Religion
}: 1/15 runes: decaying


You were on level 4 of the Snake Pit.
You worshipped Trog.
Trog was exalted by your worship.
You were not hungry.

You visited 6 branches of the dungeon, and saw 31 of its levels.
You also visited: Labyrinth.

You collected 3092 gold pieces.

Inventory:

Hand Weapons
 a - a +6 antimagic executioner's axe (weapon)
 b - a +7 battleaxe of flaming
Armour
 y - a +0 cloak (worn)
 C - the +6 chain mail "Afeqyfat" (worn) {MR- Str+5}
   (You found it on level 5 of the Dungeon)

   It affects your strength (+5).
   It affects your resistance to hostile enchantments.
 F - a +2 pair of boots (worn)
 K - a +2 pair of gloves (worn)
 L - a +0 hat of magic resistance (worn)
Jewellery
 h - a ring of sustain attributes (left hand)
 N - a +3 ring of strength
 O - an amulet of the gourmand (around neck)
 R - a ring of poison resistance (right hand)
 Y - an uncursed amulet of regeneration {unknown}
 Z - an uncursed ring of protection from fire
Wands
 m - a wand of digging (12)
 w - a wand of confusion (21)
 J - a wand of teleportation (4)
 U - a wand of teleportation (3)
 V - a wand of fire (7)
Scrolls
 d - 4 scrolls of enchant armour
 e - 10 scrolls of teleportation
 f - 8 scrolls of remove curse
 g - a scroll of brand weapon
 i - 5 scrolls of enchant weapon
 k - a scroll of blinking {unknown}
 o - a scroll of fear
 p - 4 scrolls of identify
 u - a scroll of silence {unknown}
 v - a scroll of summoning {unknown}
 z - 2 scrolls of fog
 P - a scroll of recharging
 W - a scroll of vulnerability {unknown}
Potions
 l - 6 potions of curing
 n - 2 potions of might
 q - 2 potions of cancellation
 r - 2 potions of mutation {unknown}
 A - a potion of invisibility {unknown}
 B - 3 potions of resistance {unknown}
 G - 2 potions of brilliance
 H - 5 potions of agility
 I - a potion of magic
 Q - 2 potions of flight
 T - a potion of cure mutation {unknown}
Books
 x - a manual of Invocations
Comestibles
 c - 8 bread rations
 s - 7 meat rations
 t - 35 fruits
 D - 5 beef jerkies
 E - 5 royal jellies
 M - 4 slices of pizza


   Skills:
 * Level 23.9 Fighting
 * Level 23.9 Axes
 - Level 12.8 Armour
 - Level 2.1 Dodging


You had 17 spell levels left.
You didn't know any spells.

Dungeon Overview and Level Annotations

Branches:
Dungeon (10/15)            Temple (1/1) D:4            Lair (8/8) D:10
  Swamp (4/4) Lair:5        Snake (4/4) Lair:5        Slime (0/6) Lair:7
    Orc (4/4) D:10            Elf (0/3) Orc:3

Altars:
Ashenzari
Cheibriados
Dithmenos
Elyvilon
Fedhas
Gozag
Kikubaaqudgha
Makhleb
Nemelex Xobeh
Okawaru
Qazlal
Ru
Sif Muna
Trog
Vehumet
Xom
Yredelemnul
Zin
The Shining One
Beogh

Shops:
Orc:4 [[**

Portals:
Hell: Lair:8


Innate Abilities, Weirdness & Mutations

You reflexively headbutt those who attack you in melee.
You have a pair of horns on your head.


Message History

The splash of poison hits you!
You are poisoned.
You resist.
Drink which item? (? for menu, Esc to quit)
You feel better. The greater naga barely misses you.
The greater naga hits you but does no damage.
The greater naga hits you from afar with a spear.
* * * LOW HITPOINT WARNING * * *
Drink which item? (? for menu, Esc to quit)
You feel yourself speed up.
The naga sharpshooter spits poison at you.
The splash of poison misses you.
The greater naga hits you from afar with a spear!
* * * LOW HITPOINT WARNING * * *
The naga sharpshooter shoots a bolt.
The bolt hits you but does no damage.
The greater naga hits you but does no damage.
You are very lightly contaminated with residual magic.
The greater naga casts a spell at you. The orb of energy hits you!
You die...

..........).##'#...#
............(......#
#####...##...#######
............######
.............#....###
.....N.......#......##
..#.....#....#.......#
...........#....%..#
/.....N#)(##@......#
#...⌠..[(##(.#......
.......)N().........
......#.)N.#........
....#...............
#................#..
................## . .
..............#
...............#


You could see a greater naga.

Vanquished Creatures
  Mara (Swamp:4)
  A bone dragon (Swamp:4)
  Gastronok (D:8)
  2 thorn hunters
  4 greater nagas
  The ghost of BadBadger the Grappler, an adept DrVM of Qazlal (Swamp:1)
  Aizul (Snake:1)
  A very ugly thing (Swamp:4)
  A dire elephant (Lair:8)
  A fire dragon (Lair:4)
  A minotaur (Lab)
  Josephine (Lair:8)
  An entropy weaver (Lair:4)
  11 hydras
  Harold (Lair:1)
  The ghost of bollicks1999 the Blocker, a journeyman MiFi of Makhleb (D:10)
  13 naga warriors
  4 alligators
  3 ghost crabs
  9 anacondas
  3 death yaks (Lair:5)
  A sun demon (Lair:8)
  11 shock serpents
  10 spriggans
  19 naga sharpshooters
  6 orc high priests
  2 salamander mystics
  4 swamp dragons
  3 spriggan druids
  A death drake (Swamp:4)
  A lindwurm (shapeshifter) (D:10)
  4 spectral hydras (Swamp:4)
  7 shambling mangroves
  A hill giant (D:10)
  8 naga ritualists
  7 orc knights (Orc:4)
  A phantasmal warrior (Swamp:4)
  A wizard (Lair:8)
  8 salamanders
  13 mana vipers
  2 griffons
  8 hornets
  A sixfirhy (Lair:8)
  6 elephants (Lair:7)
  Maurice (Orc:2)
  Joseph (D:9)
  58 black mambas
  17 naga magi
  17 komodo dragons
  The ghost of WildSam the Insei, a novice DsCK of Xom (D:4)
  An orange demon (Lair:8)
  3 swamp worm zombies (Swamp:4)
  19 spiny frogs
  7 fire drakes
  A hellwing (Lair:8)
  A hydra zombie (Swamp:4)
  3 red devils (Lair:8)
  6 blue devils (Lair:8)
  A polar bear (Lair:5)
  4 giant leeches
  A two-headed ogre (D:10)
  18 blink frogs
  Prince Ribbit (D:8)
  8 bog bodies
  4 alligator zombies (Swamp:4)
  4 slime creatures (Swamp:2)
  4 trolls
  A spectral swamp dragon (Swamp:4)
  2 boulder beetles (Lair:4)
  3 shadows
  2 basilisks (Lair:8)
  5 wolves
  4 wraiths (Lair:8)
  55 yaks
  14 hippogriffs
  A steam dragon (D:10)
  27 vampire mosquitoes
  52 nagas
  16 insubstantial wisps
  12 porcupines
  15 swamp worms
  5 swamp drakes
  A black bear (D:6)
  5 ice beasts
  17 water moccasins
  2 eyes of draining (D:5)
  35 orc warriors
  3 sky beasts
  25 wasps
  The ghost of George the Slasher, an amateur MiFi (D:3)
  6 swamp dragon zombies (Swamp:4)
  5 ogres
  9 phantoms
  A necrophage (D:9)
  A centaur (D:7)
  21 crocodiles
  3 big kobolds (D:8)
  3 jellies
  17 giant frogs
  5 scorpions
  7 killer bees
  5 crimson imps
  A lava snake (Orc:2)
  3 centaur zombies
  A giant frog zombie (D:10)
  21 orc wizards
  A gnoll shaman (D:7)
  8 hounds
  A giant frog skeleton (D:10)
  31 orc priests
  2 spectral swamp drakes (Swamp:4)
  9 iguanas
  5 hell rats (Lair:6)
  6 worker ants
  14 sheep
  2 hound zombies (D:5)
  A hound skeleton (D:7)
  7 gnolls
  46 river rats
  A swamp drake zombie (Swamp:4)
  3 shadow imps
  9 adders
  6 oozes
  7 adder skeletons
  An adder zombie (D:7)
  3 worms
  114 orcs
  4 ball pythons
  3 giant cockroaches
  7 hobgoblins
  4 jackals (D:7)
  7 kobolds
  2 quokkas
  A ball python zombie (D:5)
  8 bats
  6 giant geckos
  2 giant gecko zombies
  5 giant newts
  10 goblins
  11 rats
  4 fungi
  6 plants
1137 creatures vanquished.

Vanquished Creatures (others)
  A giant leech (Swamp:4)
  2 briar patches (Swamp:3)
  A fulminant prism (Swamp:1)
  10 fungi
  3 plants (Lair:5)
17 creatures vanquished.

Grand Total: 1154 creatures vanquished

Notes
Turn   | Place    | Note
--------------------------------------------------------------
     0 | D:1      | pk666 the Minotaur Berserker began the quest for the Orb.
     0 | D:1      | Reached XP level 1. HP: 19/19 MP: 0/0
   110 | D:1      | Reached skill level 4 in Axes
   110 | D:1      | Reached XP level 2. HP: 27/27 MP: 1/1
   307 | D:1      | Found a shimmering altar of Xom.
   625 | D:1      | Reached ** piety under Trog
   894 | D:2      | Reached XP level 3. HP: 33/33 MP: 2/2
   936 | D:2      | Found an iron altar of Okawaru.
  1737 | D:3      | Reached XP level 4. HP: 34/41 MP: 3/3
  1770 | D:3      | Noticed George's ghost (amateur MiFi)
  1777 | D:3      | Killed George's ghost
  1777 | D:3      | Reached skill level 5 in Fighting
  1777 | D:3      | Reached skill level 5 in Axes
  1777 | D:3      | Reached XP level 5. HP: 8/48 MP: 4/4
  2026 | D:3      | Found a radiant altar of Vehumet.
  2539 | D:3      | Reached *** piety under Trog
  2861 | D:4      | Noticed WildSam's ghost (novice DsCK)
  2872 | D:4      | Killed WildSam's ghost
  2872 | D:4      | Reached skill level 6 in Fighting
  2872 | D:4      | Reached XP level 6. HP: 58/58 MP: 5/5
  2872 | D:4      | Reached XP level 7. HP: 64/64 MP: 6/6
  2931 | D:4      | Found a snail-covered altar of Cheibriados.
  3001 | D:4      | Reached skill level 7 in Fighting
  3006 | D:4      | Found a white marble altar of Elyvilon.
  3197 | D:4      | Found a staircase to the Ecumenical Temple.
  3206 | Temple   | Entered the Ecumenical Temple
  3501 | D:5      | Entered Level 5 of the Dungeon
  3599 | D:5      | Received a gift from Trog
  3647 | D:5      | Found a bloodstained altar of Trog.
  3651 | D:5      | Reached skill level 5 in Armour
  4015 | D:5      | Reached skill level 8 in Axes
  4015 | D:5      | Reached XP level 8. HP: 26/74 MP: 7/7
  4410 | D:5      | Got a slimy chain mail
  4421 | D:5      | Identified the +6 chain mail "Afeqyfat" {MR- Str+5} (You found it on level 5 of the Dungeon)
  5657 | D:7      | Reached skill level 9 in Axes
  5708 | D:7      | Got a slimy ring mail
  5719 | D:7      | Identified the +3 ring mail of Articulation {*Drain rPois Slay+6} (You found it on level 7 of the Dungeon)
  5875 | D:7      | Reached XP level 9. HP: 84/84 MP: 8/8
  5932 | D:7      | Reached skill level 10 in Axes
  6180 | D:7      | Found a blossoming altar of Fedhas.
  6470 | D:7      | Reached skill level 10 in Fighting
  6509 | D:8      | Reached **** piety under Trog
  6665 | D:8      | Noticed Prince Ribbit
  6673 | D:8      | Killed Prince Ribbit
  6951 | D:8      | Found a sparkling altar of Nemelex Xobeh.
  7102 | D:8      | Noticed Gastronok
  7118 | D:8      | Killed Gastronok
  7118 | D:8      | Reached skill level 11 in Fighting
  7118 | D:8      | Reached XP level 10. HP: 64/96 MP: 9/9
  7331 | D:8      | Reached skill level 12 in Axes
  7362 | D:8      | Noticed a two-headed hydra
  7377 | D:8      | Killed an 11-headed hydra
  7789 | D:9      | Noticed Joseph
  7814 | D:9      | Killed Joseph
  7887 | D:9      | Found a deep blue altar of Sif Muna.
  8015 | D:9      | Found a deep blue altar of Sif Muna.
  8363 | D:10     | Entered Level 10 of the Dungeon
  8364 | D:10     | Found a staircase to the Orcish Mines.
  8364 | D:10     | Noticed a hill giant
  8370 | D:10     | Killed a hill giant
  8370 | D:10     | Reached skill level 13 in Axes
  8389 | D:10     | Found a roughly hewn altar of Beogh.
  8397 | D:10     | Reached ***** piety under Trog
  8397 | D:10     | Reached XP level 11. HP: 95/106 MP: 10/10
  8563 | D:10     | Noticed a lindwurm
  8570 | D:10     | Killed a lindwurm
  8594 | D:10     | Noticed bollicks1999's ghost (journeyman MiFi)
  8619 | D:10     | Killed bollicks1999's ghost
  8882 | D:10     | Reached skill level 10 in Armour
  9092 | D:10     | Found a staircase to the Lair.
  9573 | Lair:1   | Entered Level 1 of the Lair of Beasts
  9599 | Lair:1   | Reached skill level 14 in Axes
  9982 | Lair:1   | Noticed Harold
  9991 | Lair:1   | Killed Harold
 10276 | Lair:1   | Received a gift from Trog
 10548 | Lair:2   | Reached XP level 12. HP: 113/118 MP: 11/11
 10989 | Lair:2   | Reached skill level 15 in Axes
 11493 | Lair:3   | Reached skill level 15 in Fighting
 12139 | Lair:4   | Noticed a seven-headed hydra
 12143 | Lair:4   | Noticed a fire dragon
 12143 | Lair:4   | a seven-headed hydra changed into a fire dragon
 12152 | Lair:4   | Killed a fire dragon
 12208 | Lair:4   | Noticed a six-headed hydra
 12220 | Lair:4   | Killed an eight-headed hydra
 12661 | Lair:4   | Reached skill level 16 in Axes
 12933 | Lair:4   | Identified a scroll of acquirement
 12934 | Lair:4   | Got an ichor-stained chain mail
 12945 | Lair:4   | Identified the +6 chain mail of Pyos {MR+} (You acquired it on level 4 of the Lair of Beasts)
 13495 | Lair:4   | Noticed a four-headed hydra
 13498 | Lair:4   | Noticed an entropy weaver
 13498 | Lair:4   | a four-headed hydra changed into an entropy weaver
 13505 | Lair:4   | Killed an entropy weaver
 13533 | Lair:5   | Found a staircase to the Swamp.
 13579 | Lair:5   | Reached XP level 13. HP: 110/128 MP: 12/12
 14066 | Lair:5   | Found a staircase to the Snake Pit.
 14080 | Lair:5   | Received a gift from Trog
 14229 | Lair:5   | Reached ****** piety under Trog
 15063 | Lair:6   | Reached skill level 17 in Axes
 16047 | Lair:7   | Found a staircase to the Slime Pits.
 16066 | Lair:7   | Received a gift from Trog
 16698 | Lair:8   | Entered Level 8 of the Lair of Beasts
 16855 | Lair:8   | Noticed Josephine
 16868 | Lair:8   | Killed Josephine
 16868 | Lair:8   | Reached skill level 18 in Axes
 16868 | Lair:8   | Reached XP level 14. HP: 141/141 MP: 13/13
 17073 | Lair:8   | Found a labyrinth entrance.
 17087 | Lab      | Entered a labyrinth
 17219 | Lab      | Got a smoking scale mail
 17382 | Lab      | Got a heavily runed scale mail
 17405 | Lair:8   | Identified the +3 scale mail "Forget-Me-Not" {rC+ MR+ Str+4} (You took it off a minotaur in a labyrinth)
 17436 | Lair:8   | Identified the +4 scale mail "Uhyena" {MR+ MP-9 Int+6 Slay+3} (You found it in a labyrinth)
 17642 | Lair:8   | Received a gift from Trog
 17906 | Lair:8   | Noticed a dire elephant
 17914 | Lair:8   | Killed a dire elephant
 17938 | Lair:8   | Found a burning altar of Makhleb.
 18491 | Lair:8   | Found a gateway to Hell.
 18834 | Orc:1    | Entered Level 1 of the Orcish Mines
 19091 | Orc:2    | Noticed Maurice
 19103 | Orc:2    | Killed Maurice
 19921 | Orc:1    | Received a gift from Trog
 20090 | Orc:3    | Reached skill level 19 in Axes
 20133 | Orc:3    | Found a flagged portal.
 20191 | Orc:3    | You fall through a shaft!
 20191 | Orc:4    | Entered Level 4 of the Orcish Mines
 20330 | Orc:4    | Found a roughly hewn altar of Beogh.
 20375 | Orc:3    | Found a staircase to the Elven Halls.
 20381 | Orc:3    | Received a gift from Trog
 20889 | Orc:3    | Received a gift from Trog
 21375 | Orc:4    | Received a gift from Trog
 21851 | Orc:4    | Found Feurphei's General Store.
 21851 | Orc:4    | Found Fasoam's Assorted Antiques.
 21857 | Orc:4    | Found Baleat's Antique Armour Shoppe.
 21857 | Orc:4    | Found Fuesuhat's Antique Armour Emporium.
 22452 | Swamp:1  | Entered Level 1 of the Swamp
 22627 | Swamp:1  | Reached XP level 15. HP: 152/152 MP: 4/14
 22708 | Swamp:1  | Noticed BadBadger's ghost (adept DrVM)
 22724 | Swamp:1  | Killed BadBadger's ghost
 24057 | Swamp:2  | Reached skill level 20 in Axes
 24114 | Swamp:2  | Received a gift from Trog
 24841 | Swamp:2  | Noticed a thorn hunter
 24898 | Swamp:2  | Killed a thorn hunter
 25475 | Swamp:3  | Noticed a thorn hunter
 25496 | Swamp:3  | Killed a thorn hunter
 26687 | Swamp:4  | Entered Level 4 of the Swamp
 26857 | Swamp:4  | Reached skill level 21 in Axes
 26956 | Swamp:4  | Received a gift from Trog
 27004 | Swamp:4  | Got an ancient war axe {god gift}
 27005 | Swamp:4  | Identified the +5 war axe "Kuyted" {drain, rElec MR+ Dex+3} (Trog gifted it to you on level 4 of the Swamp)
 27138 | Swamp:4  | Reached XP level 16. HP: 134/165 MP: 15/15
 27219 | Swamp:4  | Noticed Mara
 27872 | Swamp:4  | Noticed pk666's illusion
 27877 | Swamp:4  | HP: 6/167 [pk666's illusion[Mara] (7)]
 27889 | Swamp:4  | Killed Mara
 27893 | Swamp:4  | Killed Mara
 28700 | Swamp:4  | Noticed a bone dragon
 28710 | Swamp:4  | Killed a bone dragon
 29004 | Swamp:4  | Got a decaying rune of Zot
 29204 | Snake:1  | Entered Level 1 of the Snake Pit
 29926 | Snake:1  | Noticed Aizul
 30106 | Snake:1  | Killed Aizul
 30106 | Snake:1  | Reached skill level 22 in Axes
 31614 | Snake:2  | Received a gift from Trog
 32202 | Snake:3  | Reached XP level 17. HP: 102/177 MP: 5/16
 32350 | Snake:3  | Received a gift from Trog
 34103 | Snake:3  | Reached skill level 23 in Axes
 34800 | Snake:4  | Entered Level 4 of the Snake Pit
 35171 | Snake:4  | Found a burning altar of Makhleb.
 35231 | Snake:4  | Received a gift from Trog
 37799 | Snake:4  | Received a gift from Trog
 37806 | Snake:4  | Reached XP level 18. HP: 190/190 MP: 5/17
 37827 | Snake:4  | Killed from afar by a greater naga

Vault maps used:
D:1:      dpeg_arrival_erosion, kennysheep_decorative_pillar, xom_teletrap_fun
D:2:      lemuel_round_altar, serial_bayou_lagoon_a
D:3:      wad_crossroads, nrook_mini_backslash, vehumet_altar_wand_db
D:4:      elyvilon_altar_5, cheibriados_altar_1, lemuel_temple_firewalk,
          serial_glass, glass_columns_a, glass_columns_c
D:5:      trog_eyes_of_draining, first_bread
D:6:      kennysheep_opposing_triangles
D:7:      old_standard_altar
D:8:      hangedman_ranch, st_stairs_4, nemelex_deck, uniq_prince_ribbit1,
          uniq_gastronok
D:9:      basic_altar, lemuel_blue_sif_altar, uniq_joseph
D:10:     erik_lair_dragon, minmay_orc_entry_temple_small
Temple:   minmay_temple_curvy_14
Lair:1:   lemuel_fruit_fields, uniq_harold
Lair:2:   grunt_forest_small_clearings, serial_bayou_pond_c
Lair:3:   st_stairs_4
Lair:4:   boulder_dual_corridor_run
Lair:5:   swamp_mist_pool, minmay_snake_entry_guardpost_small,
          minmay_lindwurm_lava
Lair:7:   nicolae_slime_entry_slimehenge
Lair:8:   evil_forest, lab_entry_generic, grunt_megastairs_3, uniq_josephine
Swamp:1:  serial_swamp_ruin, evilmike_swamp_ruin_house_4,
          hangedman_swamp_ruin_wall
Swamp:2:  hangedman_swamp_ruin_hall, swamp_pool1
Swamp:3:  evilmike_swamp_ruin_wall
Swamp:4:  swamp_pestilence, uniq_mara
Snake:1:  uniq_aizul
Snake:2:  st_stairs_6
Snake:4:  snake_pit, basic_altar
Orc:2:    nicolae_orc_lava_tube, uniq_maurice
Orc:3:    enter_bailey_3, nicolae_orc_pool_cavern
Orc:4:    st_orc_pillars, basic_altar
Lab:      labyrinth_spiral, labyrinth_skeletal_remains, nicolae_lab_swirl,
          nicolae_lab_starburst

Action                   |  1- 3 |  4- 6 |  7- 9 | 10-12 | 13-15 | 16-18 || total
-------------------------+-------+-------+-------+-------+-------+-------++-------
Melee: Hand axe          |    83 |    43 |    41 |       |       |       ||   167
       War axe           |       |       |   212 |    65 |       |       ||   277
       Battleaxe         |       |       |       |   404 |   875 |   132 ||  1411
       Executioner's axe |       |       |       |       |   184 |   584 ||   768
Invok: Berserk           |       |     3 |     3 |    11 |    24 |     9 ||    50
       Burn Spellbooks   |       |       |       |     1 |     6 |     3 ||    10
       Brothers in Arms  |       |       |       |       |     1 |       ||     1
Evoke: Wand              |       |       |       |    14 |     1 |       ||    15
  Use: Scroll            |       |     5 |       |    10 |    10 |     3 ||    28
       Potion            |       |       |       |       |     4 |    15 ||    19
 Stab: Sleeping          |     2 |       |       |       |       |       ||     2
       Paralysed         |       |       |       |       |     1 |       ||     1
  Eat: Chunk             |     2 |     2 |    13 |    58 |    65 |    35 ||   175
       Fruit             |       |     1 |     4 |       |       |       ||     5
       Pizza             |       |     1 |       |       |     2 |     3 ||     6
       Beef jerky        |       |     1 |       |       |       |       ||     1
